 Dungeon Crawl Stone Soup version 0.26-a0-690-gcb57259078 (webtiles) character file.

Game seed: 9111033877433232410

14366 robertstho the Destroyer (level 12, 0/91 HPs)
             Began as a Gnoll Conjurer on Oct 23, 2020.
             Was a Priest of Sif Muna.
             Slain by a wolf spider simulacrum (8 damage)
             ... in a Gauntlet.
             The game lasted 00:49:28 (16802 turns).

robertstho the Destroyer (Gnoll Conjurer)          Turns: 16802, Time: 00:49:28

Health: 0/91       AC:  9    Str: 15      XL:     12   Next: 15%
Magic:  4/24       EV: 17    Int: 21 (26) God:    Sif Muna [***...]
Gold:   898        SH:  0    Dex: 16      Spells: 14/28 levels left

rFire    + . .     SeeInvis .   L - +1 long sword of the Penguin {vorpal, Stlth+}
rCold    + + .     Faith    .   (no shield)
rNeg     . . .     Spirit   .   M - +0 troll leather armour
rPois    .         Reflect  .   I - +0 helmet of the Untouchables {rF+ Str+5 Stlth+}
rElec    .         Harm     .   o - scarf {repulsion}
rCorr    .         Rampage  .   O - +2 pair of gloves {Dex+3}
MR       .....     NoTele   +   (no boots)
Stlth    ++++++....             (no amulet)
HPRegen  0.65/turn              H - ring of protection from cold
MPRegen  0.19/turn              B - ring of protection from cold

@: repel missiles
A: distributed training, fangs 1, strong nose
a: Channel Magic, Forget Spell, Renounce Religion


You were in a Gauntlet.
You worshipped Sif Muna.
Sif Muna was most pleased with you.
You visited 2 branches of the dungeon, and saw 13 of its levels.
You also visited: Bailey and Gauntlet.

You collected 898 gold pieces.

Inventory:

Hand Weapons
 b - a +4 hand axe
 A - a +2 long sword of freezing
 D - a +2 falchion of holy wrath
 L - the +1 long sword of the Penguin (weapon) {vorpal, Stlth+}
   (You found it on level 8 of the Dungeon)

   It inflicts extra damage upon your enemies.
   It makes you more stealthy.
Missiles
 e - 48 poisoned darts (quivered)
 J - 7 curare-tipped darts
Armour
 o - a scarf of repulsion (worn)
 x - a +2 robe of magic resistance
 I - the +0 helmet of the Untouchables (worn) {rF+ Str+5 Stlth+}
   (You acquired it in a bailey)

   It affects your strength (+5).
   It protects you from fire.
   It makes you more stealthy.
 M - a +0 troll leather armour (worn)
 N - the +0 robe "Diclem" {+Fly Str+7 Int-2}
   (You found it on level 11 of the Dungeon)

   It affects your strength (+7).
   It affects your intelligence (-2).
   It lets you fly.
 O - a +2 pair of gloves of dexterity (worn)
Magical Staves
 G - an uncursed staff of cold
 K - an uncursed staff of cold
Jewellery
 k - an uncursed ring of positive energy
 n - an uncursed ring of protection from magic
 t - an uncursed ring of protection from fire
 B - a ring of protection from cold (right hand)
 F - the ring "Wetzopsuack" {+Fly rF+ rN+}
   (You acquired it in a Gauntlet)

   [ring of flight]

   It protects you from fire.
   It protects you from negative energy.
   It lets you fly.
 H - a ring of protection from cold (left hand)
Wands
 w - a wand of disintegration (10)
 C - a wand of random effects (17)
Scrolls
 c - a scroll of blinking {unknown}
 f - 2 scrolls of remove curse
 i - 2 scrolls of vulnerability {unknown}
 j - 2 scrolls of enchant weapon
 p - 3 scrolls of teleportation
 r - a scroll of magic mapping
 s - 2 scrolls of amnesia
 y - a scroll of immolation
Potions
 a - 2 potions of invisibility
 d - 4 potions of curing
 g - 2 potions of haste
 h - a potion of lignification
 l - 2 potions of brilliance
 m - a potion of heal wounds
 q - a potion of cancellation
 u - 3 potions of mutation
 v - 2 potions of might
 z - a potion of ambrosia
 E - 2 potions of stabbing


   Skills:
 + Level 7.0 Fighting
 + Level 7.0 Short Blades
 + Level 7.0 Long Blades
 + Level 7.0 Axes
 + Level 7.0 Maces & Flails
 + Level 7.0 Polearms
 + Level 7.0 Staves
 + Level 7.0 Slings
 + Level 7.0 Bows
 + Level 7.0 Crossbows
 + Level 7.0 Throwing
 + Level 7.0 Armour
 + Level 8.4 Dodging
 + Level 8.2 Stealth
 + Level 7.0 Shields
 + Level 7.0 Unarmed Combat
 + Level 8.7 Spellcasting
 + Level 9.3 Conjurations
 + Level 5.8 Hexes
 + Level 5.8 Summonings
 + Level 5.8 Necromancy
 + Level 5.8 Translocations
 + Level 5.8 Transmutations
 + Level 5.8 Fire Magic
 + Level 5.8 Ice Magic
 + Level 5.8 Air Magic
 + Level 5.8 Earth Magic
 + Level 5.8 Poison Magic
 + Level 7.7 Invocations
 + Level 7.0 Evocations


You had 14 spell levels left.
You knew the following spells:

 Your Spells              Type           Power        Failure   Level
a - Magic Dart            Conj           ####         1%          1
b - Searing Ray           Conj           #####.       1%          2
c - Dazzling Flash        Conj/Hex       #####.       1%          3
d - Fulminant Prism       Conj/Hex       #####.....   3%          4
e - Iskenderun's Mystic   Conj/Tloc      #####...     3%          4

Your spell library contained the following spells:

 Spells                   Type           Power        Failure   Level
 Beastly Appendage        Tmut           ####..       1%          1
 Wereblood                Tmut           ####....     1%          2
 Confusing Touch          Hex            ####....     2%          3
 Gell's Gravitas          Tloc           ####......   2%          3
 Spider Form              Tmut/Pois      ####......   2%          3
 Cause Fear               Hex            ####......   8%          4
 Ice Form                 Ice/Tmut       ####....     8%          4
 Petrify                  Tmut/Erth      ####....     8%          4
 Irradiate                Conj/Tmut      #####.....   11%         5
 Blade Hands              Tmut           ####......   22%         5
 Metabolic Englaciation   Hex/Ice        ####......   22%         5
 Silence                  Hex/Air        ####......   22%         5
 Yara's Violent Unravell  Hex/Tmut       ####......   22%         5
 Hydra Form               Tmut           ####......   77%         6
 Statue Form              Tmut/Erth      ####.....    77%         6
 Dragon Form              Tmut           ####......   100%        7
 Discord                  Hex            ####......   100%        8


Dungeon Overview and Level Annotations

Branches:
Dungeon (12/15)            Temple (1/1) D:5            Lair (0/6) D:11
    Orc (0/2) D:11         Bailey (visited)         Gauntlet (1/1)

Altars:
Ashenzari
Cheibriados
Dithmenos
Elyvilon
Fedhas
Hepliaklqana
Kikubaaqudgha
Makhleb
Nemelex Xobeh
Okawaru
Qazlal
Ru
Sif Muna
Uskayaw
Vehumet
Wu Jian
Xom
Zin
The Shining One
Beogh

Annotations:
D:2 1 runed translucent door, Crazy Yiuf Gauntlet 9 transporters


Innate Abilities, Weirdness & Mutations

Your experience applies equally to all skills.
You have very sharp teeth.
Your uncanny sense of smell can sniff out nearby items.


Message History

The searing ray hits the ice dragon simulacrum!
The ice dragon simulacrum is moderately damaged.
The wolf spider simulacrum hits you. The wolf spider simulacrum freezes you!
You resist. The wolf spider simulacrum bites you.
The wolf spider simulacrum freezes you! You resist.
The centaur warrior simulacrum misses you.
Your fulminant prism explodes!
The blast of energy engulfs the ice dragon simulacrum!
The ice dragon simulacrum is severely damaged.
The wolf spider simulacrum hits you. The wolf spider simulacrum freezes you!
You resist. The wolf spider simulacrum bites you.
The wolf spider simulacrum freezes you. You resist.
The wolf spider simulacrum hits you!
* * * LOW HITPOINT WARNING * * *
The wolf spider simulacrum freezes you! You resist.
* * * LOW HITPOINT WARNING * * *
The wolf spider simulacrum bites you!
* * * LOW HITPOINT WARNING * * *
The wolf spider simulacrum freezes you! You resist.
You die...

#...©.©.©...#
###########.........############
≈#≈#≈#≈#≈#############≈#§#≈#§#≈##
.............8.∩.8..............≈
................................#
.#########.#########.#########..≈
.#!##X##x#.#..#©#.(#.#..=©:}.#..#
.#xx#.X#!#.#..#Z#==#.#u#...#.#.§≈
.###x##.##.#..ZZ@###.#Gu.###.#§.#
.#.#x©#..#.#..#Z...#.#G#.©.#.#..≈
.##x##.###.#..#.##.#.#.###...#..#
.##Xx#..##.#..#.##.#.#.#...#.#..§
.#X##x##x#.#..#©...#.#...###.#.§#
.#############################..≈
...#.©.........©.........©.#...##
...#...........©...........#...≈#
#..#########################.§###


You could see 2 ugly things, 2 glowing orange brains, an ice dragon simulacrum,
2 wolf spider simulacra and a centaur warrior simulacrum.

Vanquished Creatures
  A boulder beetle (D:12)
  A hydra (D:11)
  2 two-headed ogres
  An unseen horror (D:12)
  Pikel (D:6)
  An orc knight (Bailey)
  An orange crystal statue (Gauntlet)
  A cyclops (D:11)
  Maggie (D:8)
  2 kobold demonologists (Bailey)
  A troll (D:9)
  A shadow (D:11)
  A wyvern (D:12)
  A steam dragon (D:9)
  5 yaks
  12 orc warriors
  4 ice beasts
  2 black bears
  A necrophage (D:10)
  An eye of draining (D:8)
  A sky beast (D:9)
  6 ogres
  7 phantoms
  2 centaurs
  3 lemures (D:6)
  3 big kobolds
  10 bullfrogs
  A gnoll sergeant (D:11)
  A hornet simulacrum (Gauntlet)
  3 scorpions
  3 killer bees (D:8)
  10 wights
  5 electric eels (Bailey)
  4 howler monkeys
  2 quasits
  2 bullfrog zombies (D:7)
  3 jellies
  7 orc priests
  3 centaur skeletons
  6 hounds
  9 orc wizards
  A bullfrog skeleton (D:11)
  5 iguanas
  11 worker ants
  A centaur simulacrum (Gauntlet)
  3 bullfrog simulacra
  6 ogre zombies (D:11)
  2 hound zombies
  A hound skeleton (D:6)
  A worker ant zombie (D:11)
  17 gnolls
  8 adders
  A shadow imp (D:6)
  3 white imps
  4 ufetubi
  An ooze (D:3)
  2 adder skeletons
  3 worms
  8 leopard geckos
  45 orcs
  17 giant cockroaches
  15 goblins
  10 hobgoblins
  15 jackals
  6 quokkas
  7 ball pythons
  11 bats
  2 frilled lizards
  4 goblin skeletons (D:11)
  A hobgoblin skeleton (D:11)
  3 hobgoblin zombies (D:11)
  2 jackal skeletons
  A jackal zombie (D:8)
  24 kobolds
  An orc skeleton (D:11)
  10 orc zombies (D:11)
  A quokka simulacrum (D:9)
  10 rats
  A fulminant prism (Gauntlet)
396 creatures vanquished.

Vanquished Creatures (others)
  226 fulminant prisms
226 creatures vanquished.

Grand Total: 622 creatures vanquished

Notes
Turn   | Place    | Note
-------+----------+-------------------------------------------
     0 | D:1      | robertstho the Gnoll Conjurer began the quest for the Orb.
     0 | D:1      | Reached XP level 1. HP: 13/13 MP: 6/6
   405 | D:1      | Reached XP level 2. HP: 19/19 MP: 4/7
  1005 | D:2      | Reached XP level 3. HP: 20/25 MP: 5/9
  1074 | D:2      | Reached skill level 5 in Spellcasting
  1461 | D:2      | Learned a level 2 spell: Searing Ray
  1465 | D:2      | Learned a level 3 spell: Dazzling Flash
  1475 | D:2      | Reached skill level 1 in Invocations
  1771 | D:2      | Found a runed translucent door.
  1772 | D:2      | Noticed Crazy Yiuf
  1821 | D:2      | Reached skill level 1 in Fighting
  1821 | D:2      | Reached skill level 1 in Short Blades
  1821 | D:2      | Reached skill level 1 in Long Blades
  1821 | D:2      | Reached skill level 1 in Axes
  1821 | D:2      | Reached skill level 1 in Maces & Flails
  1821 | D:2      | Reached skill level 1 in Polearms
  1821 | D:2      | Reached skill level 1 in Staves
  1821 | D:2      | Reached skill level 1 in Slings
  1821 | D:2      | Reached skill level 1 in Bows
  1821 | D:2      | Reached skill level 1 in Crossbows
  1821 | D:2      | Reached skill level 1 in Throwing
  1821 | D:2      | Reached skill level 1 in Armour
  1821 | D:2      | Reached skill level 1 in Shields
  1821 | D:2      | Reached skill level 1 in Unarmed Combat
  1821 | D:2      | Reached skill level 1 in Evocations
  2149 | D:3      | Reached XP level 4. HP: 32/32 MP: 8/11
  2588 | D:3      | Reached skill level 1 in Hexes
  2588 | D:3      | Reached skill level 1 in Summonings
  2588 | D:3      | Reached skill level 1 in Necromancy
  2588 | D:3      | Reached skill level 1 in Translocations
  2588 | D:3      | Reached skill level 1 in Transmutations
  2588 | D:3      | Reached skill level 1 in Fire Magic
  2588 | D:3      | Reached skill level 1 in Ice Magic
  2588 | D:3      | Reached skill level 1 in Air Magic
  2588 | D:3      | Reached skill level 1 in Earth Magic
  2588 | D:3      | Reached skill level 1 in Poison Magic
  2588 | D:3      | Reached XP level 5. HP: 22/37 MP: 5/12
  3022 | D:3      | Noticed an ogre
  3027 | D:3      | Killed an ogre
  3027 | D:3      | Reached XP level 6. HP: 44/44 MP: 10/14
  3301 | D:3      | Reached skill level 5 in Dodging
  3448 | D:4      | Reached XP level 7. HP: 50/50 MP: 8/15
  4271 | D:4      | Reached skill level 5 in Stealth
  4714 | D:5      | Entered Level 5 of the Dungeon
  4913 | D:5      | Learned a level 4 spell: Fulminant Prism
  4918 | D:5      | Learned a level 4 spell: Iskenderun's Mystic Blast
  4950 | D:5      | Reached XP level 8. HP: 58/58 MP: 5/16
  5647 | D:5      | Found a staircase to the Ecumenical Temple.
  5840 | D:5      | Found a sparkling altar of Nemelex Xobeh.
  6728 | D:6      | Noticed Pikel
  6753 | D:6      | Killed Pikel
  6753 | D:6      | Reached XP level 9. HP: 42/65 MP: 1/18
  7125 | Temple   | Entered the Ecumenical Temple
  7226 | Temple   | Became a worshipper of Sif Muna the Loreminder
  7775 | D:7      | Reached skill level 8 in Conjurations
  7975 | D:7      | Found a sacrificial altar of Ru.
  8547 | D:7      | Reached skill level 5 in Invocations
  8669 | D:7      | Found a roughly hewn altar of Beogh.
  8705 | D:7      | Reached * piety under Sif Muna
  8781 | D:7      | Found a shadowy altar of Dithmenos.
  8781 | D:7      | Found a radiant altar of Vehumet.
  8781 | D:7      | Found a glowing golden altar of the Shining One.
  8781 | D:7      | Found an ornate altar of the Wu Jian Council.
  8784 | D:7      | Got a spiked helmet
  8794 | D:7      | Identified the +0 helmet of Intercession {Dex+2 Stlth+}
                  | (You found it on level 7 of the Dungeon)
  8800 | D:7      | Found a hide-covered altar of Uskayaw.
  8805 | D:7      | Found a stormy altar of Qazlal.
  9352 | D:8      | Noticed a two-headed ogre
  9507 | D:8      | Reached XP level 10. HP: 71/73 MP: 15/20
  9507 | D:8      | Noticed Maggie
  9513 | D:8      | Reached ** piety under Sif Muna
  9524 | D:8      | Killed Maggie
  9524 | D:8      | Reached skill level 5 in Fighting
  9524 | D:8      | Reached skill level 5 in Short Blades
  9524 | D:8      | Reached skill level 5 in Long Blades
  9524 | D:8      | Reached skill level 5 in Axes
  9524 | D:8      | Reached skill level 5 in Maces & Flails
  9524 | D:8      | Reached skill level 5 in Polearms
  9524 | D:8      | Reached skill level 5 in Staves
  9524 | D:8      | Reached skill level 5 in Slings
  9524 | D:8      | Reached skill level 5 in Bows
  9524 | D:8      | Reached skill level 5 in Crossbows
  9524 | D:8      | Reached skill level 5 in Throwing
  9524 | D:8      | Reached skill level 5 in Armour
  9524 | D:8      | Reached skill level 5 in Shields
  9524 | D:8      | Reached skill level 5 in Unarmed Combat
  9524 | D:8      | Reached skill level 5 in Evocations
  9555 | D:8      | Killed a two-headed ogre
 10521 | D:8      | Got a transparent long sword
 10521 | D:8      | Identified the cursed +1 long sword of the Penguin {vorpal,
                  | Stlth+} (You found it on level 8 of the Dungeon)
 10744 | D:9      | Found a flagged portal.
 10753 | Bailey   | Entered a bailey
 10874 | Bailey   | Noticed a kobold demonologist
 10882 | Bailey   | Killed a kobold demonologist
 10883 | Bailey   | Reached XP level 11. HP: 60/81 MP: 11/22
 11003 | Bailey   | Reached *** piety under Sif Muna
 11315 | Bailey   | Noticed an orc knight
 11326 | Bailey   | Killed an orc knight
 11326 | Bailey   | Reached skill level 5 in Hexes
 11326 | Bailey   | Reached skill level 5 in Summonings
 11326 | Bailey   | Reached skill level 5 in Necromancy
 11326 | Bailey   | Reached skill level 5 in Translocations
 11326 | Bailey   | Reached skill level 5 in Transmutations
 11326 | Bailey   | Reached skill level 5 in Fire Magic
 11326 | Bailey   | Reached skill level 5 in Ice Magic
 11326 | Bailey   | Reached skill level 5 in Air Magic
 11326 | Bailey   | Reached skill level 5 in Earth Magic
 11326 | Bailey   | Reached skill level 5 in Poison Magic
 11610 | Bailey   | Acquired the +0 helmet of the Untouchables {rF+ Str+5
                  | Stlth+}
 11671 | Bailey   | Found an iron altar of Okawaru.
 12754 | D:10     | Entered Level 10 of the Dungeon
 13993 | D:10     | Noticed a two-headed ogre
 14004 | D:10     | Killed a two-headed ogre
 14004 | D:10     | Reached skill level 9 in Conjurations
 14459 | D:11     | Got a heavy robe
 14473 | D:11     | Identified the +0 robe "Diclem" {+Fly Str+7 Int-2} (You
                  | found it on level 11 of the Dungeon)
 14510 | D:11     | Reached **** piety under Sif Muna
 14912 | D:11     | Noticed a four-headed hydra
 14927 | D:11     | Killed a four-headed hydra
 15152 | D:11     | Noticed a cyclops
 15187 | D:11     | Killed a cyclops
 15675 | D:11     | Found a staircase to the Orcish Mines.
 16018 | D:11     | Found a staircase to the Lair.
 16236 | D:12     | Killed an unseen horror
 16236 | D:12     | Reached XP level 12. HP: 57/89 MP: 3/24
 16237 | D:12     | Noticed a boulder beetle
 16258 | D:12     | Killed a boulder beetle
 16336 | D:12     | Found a gate leading to a gauntlet.
 16344 | Gauntlet | Entered a Gauntlet
 16344 | Gauntlet | Found a transporter.
 16344 | Gauntlet | Found a transporter.
 16359 | Gauntlet | Found a transporter.
 16371 | Gauntlet | Found a transporter.
 16374 | Gauntlet | Found a transporter.
 16374 | Gauntlet | Found a transporter.
 16376 | Gauntlet | Found a transporter.
 16376 | Gauntlet | Found a transporter.
 16387 | Gauntlet | Found a transporter.
 16402 | Gauntlet | Found a runed translucent gate.
 16403 | Gauntlet | Found a transporter.
 16403 | Gauntlet | Found a runed translucent gate.
 16404 | Gauntlet | Found a runed translucent gate.
 16413 | Gauntlet | Found a transporter.
 16431 | Gauntlet | Found a transporter.
 16448 | Gauntlet | Found a transporter.
 16450 | Gauntlet | Noticed a catoblepas
 16462 | Gauntlet | Found a transporter.
 16614 | Gauntlet | Acquired the ring "Wetzopsuack" {+Fly rF+ rN+}
 16802 | Gauntlet | Slain by a wolf spider simulacrum

Illustrated notes

Levels and vault maps discovered:
D:1:      denvon_arrival_hothouse, layout_basic, chequers_serial_rivers_large_a,
          kennysheep_doodads, minmay_misc_feat_pillars, nrook_mini_vaults,
          chequers_decorated_corner
D:2:      layout_basic, minmay_pentomino_s2, uniq_crazy_yiuf_cottage
D:3:      layout_basic
D:4:      layout_basic
D:5:      layout_loops_ring, minmay_temple_entry_statues_pillars,
          nemelex_diamond_rough_becter
D:6:      layout_cave_pods, uniq_pikel
D:7:      layout_basic, nicolae_ru_great_annihilating_truth,
          minmay_overflow_temple_hex, david_defended_altar_orc
D:8:      layout_loops_ring, uniq_maggie
D:9:      layout_basic, enter_bailey_2, serial_ice, serial_ice_h, serial_ice_n,
          serial_ice_f, serial_ice_g, minmay_misc_feat_rugged, item_on_display_a
D:10:     layout_stronghold, minmay_unpleasant_kobolds
D:11:     layout_loops_ring, lair_entry_dummy, zombieorc1_lemuel
D:12:     layout_basic, gauntlet_entry_generic, nicolae_dithmenos_shadow_blocks
Temple:   regret_index_temple_waves
Gauntlet: gammafunk_gauntlet_mixed_choke_point
          [minmay_gauntlet_arena_77_chump_sandwich,
          minmay_gauntlet_arena_77_radiant_squares,
          minmay_gauntlet_arena_77_fan, nicolae_gauntlet_arena_quarters,
          minmay_gauntlet_arena_77_broken_ladder,
          minmay_gauntlet_arena_77_run_for_it,
          minmay_gauntlet_arena_77_tiled_triplets, gauntlet_exit_spiral]

Skill      XL: |  1  2  3  4  5  6  7  8  9 10 11 12 |
---------------+-------------------------------------+-----
Spellcasting   | 5 6 7 8 |  8.7
Invocations    | 1 2 3 4 5 6 7 |  7.7
Fighting       | 1 2 3 4 5 6 7 |  7.0
Short Blades   | 1 2 3 4 5 6 7 |  7.0
Long Blades    | 1 2 3 4 5 6 7 |  7.0
Axes           | 1 2 3 4 5 6 7 |  7.0
Maces & Flails | 1 2 3 4 5 6 7 |  7.0
Polearms       | 1 2 3 4 5 6 7 |  7.0
Staves         | 1 2 3 4 5 6 7 |  7.0
Slings         | 1 2 3 4 5 6 7 |  7.0
Bows           | 1 2 3 4 5 6 7 |  7.0
Crossbows      | 1 2 3 4 5 6 7 |  7.0
Throwing       | 1 2 3 4 5 6 7 |  7.0
Armour         | 1 2 3 4 5 6 7 |  7.0
Shields        | 1 2 3 4 5 6 7 |  7.0
Unarmed Combat | 1 2 3 4 5 6 7 |  7.0
Evocations     | 1 2 3 4 5 6 7 |  7.0
Hexes          | 1 2 3 4 5 |  5.8
Summonings     | 1 2 3 4 5 |  5.8
Necromancy     | 1 2 3 4 5 |  5.8
Translocations | 1 2 3 4 5 |  5.8
Transmutations | 1 2 3 4 5 |  5.8
Fire Magic     | 1 2 3 4 5 |  5.8
Ice Magic      | 1 2 3 4 5 |  5.8
Air Magic      | 1 2 3 4 5 |  5.8
Earth Magic    | 1 2 3 4 5 |  5.8
Poison Magic   | 1 2 3 4 5 |  5.8
Dodging        | 5 6 7 8 |  8.4
Stealth        | 5 6 7 8 |  8.2
Conjurations   | 8 9 |  9.3

Action                   |  1- 3 |  4- 6 |  7- 9 | 10-12 || total
-------------------------+-------+-------+-------+-------++-------
Melee: Unarmed           |     3 |       |       |       ||     3
       Short sword       |     7 |       |       |       ||     7
       Hand axe          |    13 |     5 |    52 |       ||    70
       Bite              |       |     1 |     2 |    10 ||    13
       Punch             |       |     1 |       |     3 ||     4
       Long sword        |       |       |       |    55 ||    55
 Cast: Magic Dart        |    75 |    42 |     9 |       ||   126
       Searing Ray       |       |    10 |    33 |    73 ||   116
       Fulminant Prism   |       |       |    72 |   155 ||   227
       Iskenderun's Myst |       |       |     4 |     5 ||     9
       Dazzling Flash    |       |       |       |     1 ||     1
Invok: Channel Magic     |       |       |       |    13 ||    13
Evoke: Wand              |       |       |     7 |       ||     7
  Use: Scroll            |     4 |       |       |    21 ||    25
       Potion            |       |       |     1 |     1 ||     2
 Stab: Sleeping          |     2 |       |     4 |     3 ||     9
Armor: Robe              |    12 |     5 |    16 |    17 ||    50
       Troll leather arm |       |       |       |    10 ||    10
Dodge: Dodged            |    36 |    11 |    92 |   138 ||   277
       Repelled          |       |       |       |     1 ||     1
       Rpst.: Long sword |       |       |       |    29 ||    29

Table legend: (Time is in decaauts)
 A = Elapsed time spent in this place.
 B = Non-inter-level travel time spent in this place.
 C = Inter-level travel time spent in this place.
 D = Time resting spent in this place.
 E = Time spent auto-exploring this place.
 F = Levels seen in this place.
 G = Mean time per level.
                   A        B        C        D        E       F      G
               +--------+--------+--------+--------+--------+-----+--------+
         Total |  16854 |  16366 |    488 |   2257 |  11373 |  15 | 1123.6 |
       Dungeon |  14776 |  14327 |    449 |   1273 |  10750 |  12 | 1231.3 |
        Temple |    123 |     84 |     39 |      0 |     82 |   1 |  123.0 |
        Bailey |   1498 |   1498 |      0 |    893 |    315 |   1 | 1498.0 |
      Gauntlet |    455 |    455 |      0 |     91 |    225 |   1 |  455.0 |
               +--------+--------+--------+--------+--------+-----+--------+

Top non-repeatable levels by time:
    D:11: 1852 daAuts
     D:7: 1709 daAuts
     D:6: 1693 daAuts
     D:4: 1549 daAuts
  Bailey: 1498 daAuts
    D:10: 1497 daAuts
     D:3: 1363 daAuts
     D:2: 1091 daAuts
     D:8: 1091 daAuts
     D:5: 1020 daAuts
     D:1: 952 daAuts
     D:9: 712 daAuts
Gauntlet: 455 daAuts
    D:12: 242 daAuts
  Temple: 123 daAuts
